AoeStats
← Mewouhhh

Arena

509471642Analyzed
1v1 RM · 6d ago on Sep 26, 2026· 17m 11s· 2 players
Game mode
Random Map
Map size
Tiny (2 player)
Population
200
Speed
Normal
Resources
Standard
Victory
Conquest
Starting age
Dark Age
Ending age
Imperial Age
RankedLock teamsTeams togetherTeam positionsShared explorationLock speedFull tech treeHidden civsTurbo modeCheats
Victory
Defeat
🇪🇸 Bohemians · Spain
1163
+15
🇲🇦 Spanish · Morocco
1138
-15
Mewouhhh
10:59 Feudal Age
13:19 Loom
13:51 Double-Bit Axe
16:16 Castle Age
14:33 Double-Bit Axe
Poketale
10:50 Feudal Age
11:08 Loom
15:23 Castle Age
16:04 Double-Bit Axe
Connection lost

Rejoining the realm…

Still unreachable

The connection could not be restored.

Session expired

The server has moved on; the page needs a fresh start.